 Dungeon Crawl Stone Soup version 0.31-a0-175-g9f7f995f2b (webtiles) character file.

Game seed: 16223550500011897949

242 qw the Shooter (level 6, 0/39 HPs)
             Began as a Gargoyle Hunter on June 16, 2023.
             Was an Initiate of Okawaru.
             Slain by an ogre
             ... wielding a +0 giant club
              (12 damage)
             ... on level 5 of the Dungeon.
             The game lasted 00:01:11 (3432 turns).

qw the Shooter (Gargoyle Hunter)                    Turns: 3432, Time: 00:01:12

Health: 0/39       AC: 14    Str: 14    XL:     6   Next: 9%
Magic:  6/6        EV: 11    Int: 10    God:    Okawaru [......]
Gold:   55         SH:  0    Dex: 15    Spells: 5/5 levels left

rFire   . . .        Y - +0 arbalest
rCold   . . .        (shield currently unavailable)
rNeg    + . .        j - +0 ring mail
rPois   inf          b - +0 helmet
rElec   +            (no cloak)
rCorr   .            (no gloves)
SInv    .            (no boots)
Will    .....        (no amulet)
Stlth   +            c - +4 ring of protection
HPRegen 0.26/turn    (no ring)
MPRegen 0.10/turn

%: no passive effects
@: no status effects
A: sickness immunity, AC +4, negative energy resistance 1, electricity
resistance, torment resistance 1, petrification resistance
a: Renounce Religion


You were on level 5 of the Dungeon.
You worshipped Okawaru.
Okawaru was noncommittal.
You visited 2 branches of the dungeon, and saw 6 of its levels.

You collected 244 gold pieces.
You spent 189 gold pieces at shops.


Innate Abilities, Weirdness & Mutations

You are immune to sickness and miasma.
Your stone body is resilient. (AC +4)
You are immune to poison.
You resist negative energy. (rN+)
You are resistant to electric shocks. (rElec)
You are resistant to unholy torment.
You are immune to petrification.


   Skills:
 - Level 4.3 Fighting
 + Level 6.0 Ranged Weapons
 - Level 1.4 Armour
 - Level 1.5 Dodging
 - Level 1.1 Stealth


You had 5 spell levels left.
You didn't know any spells.
Your spell library was empty.

Inventory:

Hand Weapons
 Y - a +0 arbalest (weapon)
Armour
 b - a +0 helmet (worn)
 j - a +0 ring mail (worn)
Jewellery
 c - a +4 ring of protection (left hand)
Scrolls
 a - a scroll of identify
 k - 3 scrolls of teleportation
Potions
 d - a potion of attraction
 f - a potion of lignification {unknown}
 g - a potion of cancellation {unknown}
 h - a potion of heal wounds {unknown}

Dungeon Overview and Level Annotations

Branches:
Dungeon (5/15)             Temple (1/1) D:4

Altars:
Ashenzari
Cheibriados
Dithmenos
Elyvilon
Fedhas
Hepliaklqana
Makhleb
Nemelex Xobeh
Okawaru
Qazlal
Ru
Trog
Uskayaw
Vehumet
Xom
Yredelemnul
The Shining One

Shops:
D:4 (*


Message History

You shoot a bolt. The bolt hits the adder!
You kill the adder!
Okawaru accepts your kill.
Found a hazy altar of Hepliaklqana.
Found a long sword.
You see here a +0 long sword.
A hound comes into view.
You shoot a bolt. The bolt hits the hound!
The hound barks!
The hound is almost dead.
You shoot a bolt. The bolt hits the hound.
You kill the hound!
Okawaru accepts your kill.
Your Fighting skill increases to level 4!
You have reached level 6!
Found an escape hatch in the floor.
Found an escape hatch in the ceiling.
There is an escape hatch in the ceiling here.
Found a stone staircase leading down.
A quokka comes into view.
Found a scroll of teleportation.
The quokka moves out of view.
A quokka is nearby!
You shoot a bolt. The bolt hits the quokka!
You kill the quokka!
Okawaru accepts your kill.
k - 3 scrolls of teleportation (gained 1)
An ogre comes into view. It is wielding a +0 giant club.
The ogre shouts!
Enter note: You shoot a bolt.
The bolt hits the ogre.
The ogre is lightly wounded.
The ogre closely misses you.
You shoot a bolt. The bolt hits the ogre.
The ogre is moderately wounded.
The ogre hits you with a +0 giant club!!
Ouch! That really hurt!
You shoot a bolt. The bolt hits the ogre.
The ogre is heavily wounded.
The ogre hits you with a +0 giant club!
You die...

........................
......#...#..>..######
##..##.....#.###
#............#
###..#######.#
#............
##.######..### #.# ...
#@# #....O...#
#.###.##.... .. ###.#
### #


You could see an ogre.

Vanquished Creatures
  A hound (D:5)
  7 gnolls (D:3)
  7 adders
  A dart slug (D:2)
  5 orcs (D:3)
  6 ball pythons
  7 bats
  6 endoplasms
  12 giant cockroaches
  4 goblins
  5 hobgoblins
  3 quokkas
  3 frilled lizards
  6 kobolds
  5 rats
78 creatures vanquished.

Notes
Turn   | Place    | Note
-------+----------+-------------------------------------------
     0 | D:1      | qw the Gargoyle Hunter began the quest for the Orb.
     0 | D:1      | Reached XP level 1. HP: 12/12 MP: 1/1
     0 | D:1      | 0 ||| qw: Version: 0.2-a-29-g511e9b1
     0 | D:1      | 0 ||| qw: Game counter: 5922
     0 | D:1      | 0 ||| qw: Always use a shield: true
     0 | D:1      | 0 ||| qw: God list: Okawaru
     0 | D:1      | 0 ||| qw: Allow faded altars: false
     0 | D:1      | 0 ||| qw: Do Orc after D:15 true
     0 | D:1      | 0 ||| qw: Do second Lair branch before Depths: true
     0 | D:1      | 0 ||| qw: Lair rune preference: random
     0 | D:1      | 0 ||| qw: Plans: Normal, Zot:1-4, Slime:5, God:TSO, Crypt,
                  | Tomb, Abyss, Pan, Hells, Win
     0 | D:1      | 0 ||| PLANNING D:1-11
   181 | D:1      | Reached XP level 2. HP: 17/17 MP: 2/2
   785 | D:1      | 785 ||| UPGRADING to +0 ring mail.
   795 | D:1      | 795 ||| DROPPING +0 leather armour.
   796 | D:1      | 796 ||| DROPPING ring of magical power.
   797 | D:1      | 797 ||| READING scroll labelled ZURADYNTIR.
   798 | D:1      | 798 ||| READING scroll labelled ABRAGEKOCAR.
   801 | D:1      | 801 ||| READING scroll labelled URAREEMEEC.
   802 | D:1      | 802 ||| READING scroll labelled FITRUS CEIWE.
   803 | D:1      | 803 ||| DROPPING scroll of butterflies.
   813 | D:2      | Found a shimmering altar of Xom.
   858 | D:2      | Reached skill level 1 in Armour
   858 | D:2      | Reached XP level 3. HP: 21/21 MP: 3/3
  1064 | D:2      | Reached skill level 5 in Ranged Weapons
  1147 | D:2      | Reached XP level 4. HP: 27/27 MP: 4/4
  1414 | D:2      | 1414 ||| UPGRADING to +0 helmet.
  1419 | D:2      | 1419 ||| UPGRADING to +4 ring of protection.
  1420 | D:2      | 1420 ||| READING scroll labelled DUARUTHRYME.
  1421 | D:2      | 1421 ||| READING 2 scrolls labelled YSOAJ ZICHECO.
  1422 | D:2      | 1422 ||| DROPPING scroll of amnesia.
  1575 | D:3      | Reached skill level 3 in Fighting
  1806 | D:3      | Reached XP level 5. HP: 32/32 MP: 5/5
  2288 | D:3      | Reached skill level 6 in Ranged Weapons
  2552 | D:3      | 2552 ||| DROPPING amulet of magic regeneration.
  2553 | D:3      | 2553 ||| READING scroll labelled ACYHOE LOULAB.
  2554 | D:3      | 2554 ||| READING scroll labelled QUNEEGG CELOPS.
  2555 | D:3      | 2555 ||| READING scroll labelled BINTUM EQIKLI.
  2597 | D:4      | Found Umaim's Antique Weapon Shoppe.
  2606 | D:4      | 2606 ||| BUYING arbalest (117 gold).
  2606 | D:4      | Bought an arbalest for 117 gold pieces
  2606 | D:4      | 2606 ||| UPGRADING to +0 arbalest.
  2607 | D:4      | 2607 ||| DROPPING +1 shortbow.
  2646 | D:4      | Found Pimorriwk's Assorted Antiques.
  2658 | D:4      | 2658 ||| BUYING bubbling silvery potion (22 gold).
  2658 | D:4      | Bought a bubbling silvery potion for 22 gold pieces
  2658 | D:4      | 2658 ||| BUYING scroll of identify (50 gold).
  2658 | D:4      | Bought a scroll of identify for 50 gold pieces
  2791 | D:4      | Found a staircase to the Ecumenical Temple.
  2792 | D:4      | 2792 ||| PLANNING TEMPLE
  2792 | D:4      | 2792 ||| READING scroll labelled TINEAP RACACS.
  2793 | D:4      | 2793 ||| DRINKING 2 bubbling silvery potions.
  2794 | D:4      | 2794 ||| READING 2 scrolls of identify.
  2794 | D:4      | 2794 ||| IDENTIFYING sedimented golden potion
  2795 | D:4      | 2795 ||| DROPPING potion of brilliance.
  2805 | Temple   | Entered the Ecumenical Temple
  2831 | Temple   | 2831 ||| PLANNING OKAWARU WORSHIP
  3070 | Temple   | Became a worshipper of Warmaster Okawaru
  3071 | Temple   | 3071 ||| PLANNING D:1-11
  3324 | D:5      | Entered Level 5 of the Dungeon
  3348 | D:5      | Found a hide-covered altar of Uskayaw.
  3348 | D:5      | Found a shimmering altar of Xom.
  3348 | D:5      | Found a white marble altar of Elyvilon.
  3365 | D:5      | Found a hazy altar of Hepliaklqana.
  3381 | D:5      | Reached XP level 6. HP: 39/39 MP: 6/6
  3432 | D:5      | Slain by an ogre

Levels and vault maps discovered:
D:1:      nzn_arrival_water_spiral, layout_loops_corners
D:2:      layout_loops_ring, serial_glass, glass_columns_c, glass_columns_b,
          basic_altar, glass_columns_a, uniq_crazy_yiuf_cottage
D:3:      minmay_roachtagon, layout_basic
D:4:      layout_basic, minmay_temple_entry_ruins, serial_shops, shop, shop
D:5:      layout_rooms, mainiacjoe_overflow_tiny_flanked,
          kennysheep_orc_sif_temple, gammafunk_temple_overflow_forgotten,
          kennysheep_generic_room_6
Temple:   oiseaux_autumnal_temple

Skill      XL: |  1  2  3  4  5 |
---------------+----------------+-----
Armour         | 1 |  1.4
Ranged Weapons | 5 6 |  6.0
Fighting       | 3 4 |  4.3
Dodging        | |  1.5
Stealth        | |  1.1

Action                     |  1- 3 |  4- 6 || total
---------------------------+-------+-------++-------
   Fire: Shortbow          |   117 |   121 ||   238
         Arbalest          |       |    22 ||    22
    Use: Scroll            |     4 |     7 ||    11
         Potion            |       |     1 ||     1
 Armour: Leather armour    |    12 |       ||    12
         Ring mail         |    17 |    58 ||    75
  Dodge: Dodged            |    39 |    49 ||    88

Table legend:
 A = Non-vault XP
 B = Vault XP
 C = Vault XP percentage of total XP
 D = Non-vault monster count
 E = Vault monster count
 F = Vault count percentage of total count
                 A         B        C        D         E       F
            +---------+---------+-------+---------+---------+-------
      Total |     326 |      20 |   5.8 |      68 |      10 |  12.8
            +---------+---------+-------+---------+---------+-------
        D:1 |      27 |       0 |   0.0 |      16 |       0 |   0.0
        D:2 |      70 |       0 |   0.0 |      21 |       0 |   0.0
        D:3 |     144 |      20 |  12.2 |      24 |      10 |  29.4
        D:4 |      30 |       0 |   0.0 |       4 |       0 |   0.0
        D:5 |      55 |       0 |   0.0 |       3 |       0 |   0.0
            +---------+---------+-------+---------+---------+-------
